 Dungeon Crawl Stone Soup version 0.29-a0-923-g6e406bff71 (webtiles) character file.

Game seed: 17774953408865728238

3696 Destapler the Trooper (level 9, -6/93 HPs)
             Began as a Troll Berserker on July 28, 2022.
             Was an Elder of Trog.
             Mangled by a slime creature (13 damage)
             ... on level 8 of the Dungeon.
             The game lasted 00:17:40 (7197 turns).

Destapler the Trooper (Troll Berserker)             Turns: 7197, Time: 00:17:41

Health: -6/93      AC:  7    Str: 31    XL:     9   Next: 90%
Magic:  8/8        EV:  9    Int:  3    God:    Trog [****..]
Gold:   147        SH:  8    Dex:  9    Spells: 8/8 levels left

rFire   . . .      SeeInvis .   F - +2 whip (elec)
rCold   . . .      Faith    .   r - +0 kite shield
rNeg    . . .      Spirit   .   E - +0 steam dragon scales
rPois   .          Reflect  .   (helmet restricted)
rElec   .          Harm     .   (no cloak)
rCorr   .          Rampage  .   (gloves unavailable)
Will    .....                   (boots unavailable)
Stlth   +.........              (no amulet)
HPRegen 1.05/turn               (no ring)
MPRegen 0.11/turn               (no ring)

@: on berserk cooldown, slowed, very slow
A: large, unfitting armour, claws 3, regeneration 1, shaggy fur 1, tough skin 1
a: Renounce Religion, Berserk, Trog's Hand, Brothers in Arms


You were on level 8 of the Dungeon.
You worshipped Trog.
Trog was greatly pleased with you.
You visited 1 branch of the dungeon, and saw 8 of its levels.

You collected 387 gold pieces.
You spent 240 gold pieces at shops.

Inventory:

Hand Weapons
 v - a +0 antimagic whip
 B - a +2 mace of holy wrath
 F - a +2 whip of electrocution (weapon)
Missiles
 a - 2 large rocks
 k - 22 poisoned darts (quivered)
Armour
 r - a +0 kite shield (worn)
 w - a +0 tower shield
 E - +0 steam dragon scales (worn)
 J - a +2 robe of fire resistance
Jewellery
 d - a ring of protection from cold
 g - an amulet of magic regeneration
 l - a ring of fire
 q - a +4 ring of protection
 y - an amulet of guardian spirit
 D - an amulet of faith
Wands
 n - a wand of polymorph (8)
 t - a wand of charming (7)
Scrolls
 b - 4 scrolls of teleportation {unknown}
 c - 7 scrolls of identify {unknown}
 e - 3 scrolls of enchant armour {unknown}
 o - a scroll of fear {unknown}
 s - 4 scrolls of fog {unknown}
 u - 3 scrolls of magic mapping {unknown}
 z - a scroll of torment {unknown}
 G - a scroll of enchant weapon {unknown}
Potions
 f - 4 potions of might
 h - 2 potions of cancellation {unknown}
 i - a potion of haste {unknown}
 j - 5 potions of curing
 m - 2 potions of attraction {unknown}
 p - a potion of flight {unknown}
 x - a potion of lignification {unknown}
 A - a potion of resistance {unknown}
 C - 3 potions of berserk rage {unknown}
 H - a potion of heal wounds
 I - a potion of mutation


   Skills:
 + Level 7.4 Fighting
 + Level 5.9 Maces & Flails
 - Level 3.0 Throwing
 - Level 3.0 Armour
 - Level 4.0 Dodging
 - Level 6.0 Shields
 - Level 3.0 Unarmed Combat
 - Level 1.0 Evocations


You had 8 spell levels left.
You didn't know any spells.
Your spell library contained the following spells:

 Spells                   Type           Power      Damage    Failure   Level
 Ozocubu's Armour         Ice            0%         N/A       98%         3
 Metabolic Englaciation   Hex/Ice        0%         N/A       100%        5
 Simulacrum               Ice/Necr       0%         N/A       100%        6


Dungeon Overview and Level Annotations

Branches:
Dungeon (8/15)             Temple (0/1) D:6
   Lair: D:8-11

Altars:
Ru
Sif Muna
Vehumet
Wu Jian
The Shining One

Shops:
D:7 !


Innate Abilities, Weirdness & Mutations

You are too large for most types of armour.
You have claws for hands.
Your natural rate of healing is unusually fast.
You are covered in fur. (AC +1)
You have tough skin. (AC +1)


Message History

The slime creature hits you!
* * * LOW HITPOINT WARNING * * *
The slime creature hits you.
* * * LOW HITPOINT WARNING * * *
You whack the slime creature!
You kill the slime creature!
Trog accepts your kill. The slime creature hits you.
* * * LOW HITPOINT WARNING * * *
You block the slime creature's attack.
You barely miss the slime creature.
The slime creature is heavily wounded.
You block the slime creature's attack.
You hit the slime creature.
The slime creature is heavily wounded.
The slime creature hits you!
* * * LOW HITPOINT WARNING * * *
You block the slime creature's attack.
You whack the slime creature!
The slime creature is heavily wounded.
The slime creature hits you.
* * * LOW HITPOINT WARNING * * *
You barely miss the slime creature.
The slime creature is heavily wounded.
The slime creature hits you.
* * * LOW HITPOINT WARNING * * *
The slime creature closely misses you. The slime creature barely misses you.
The slime creature attacks as you move away!
You block the slime creature's attack. The slime creature hits you.
* * * LOW HITPOINT WARNING * * *
The slime creature attacks as you move away!
You block the slime creature's attack. The slime creature hits you!
* * * LOW HITPOINT WARNING * * *
Found a pair of boots.
The slime creature hits you!
* * * LOW HITPOINT WARNING * * *
The slime creature attacks as you move away!
The slime creature hits you!
You die...

#... ###########
###...### #)........#
#.......## #.###.###.#
#...#....###.##.#.##.#
#..............###..
.........###.#..#.##.#
.##...#.## #........[#
##.##.# ###J..#### #
##.##.# ##@##
#.##..##.# #.#
#........# #.#
####)##### #+# #)#
#)### #.#.## #....####
#...<...+


You could see a slime creature.

Vanquished Creatures
  Pikel (D:7)
  2 slime creatures (D:8)
  A steam dragon (D:6)
  2 water moccasins
  A black bear (D:5)
  3 ice beasts
  An ogre (D:7)
  2 centaurs
  3 lemures
  A phantom (D:5)
  A bullfrog (D:6)
  3 scorpions
  A gnoll sergeant (D:7)
  A necrophage (D:5)
  5 wights (D:7)
  A howler monkey (D:5)
  7 hounds
  2 jellies
  4 orc priests
  5 iguanas
  2 orc wizards
  20 gnolls
  14 adders
  A shadow imp (D:5)
  A white imp (D:5)
  3 ufetubi
  3 worms
  A dart slug (D:2)
  29 orcs
  2 ball pythons
  6 bats
  5 endoplasms
  6 giant cockroaches
  7 goblins
  4 hobgoblins
  5 jackals
  3 quokkas
  3 frilled lizards
  4 kobolds
  5 rats
171 creatures vanquished.

Notes
Turn   | Place    | Note
-------+----------+-------------------------------------------
     0 | D:1      | Destapler the Troll Berserker began the quest for the Orb.
     0 | D:1      | Reached XP level 1. HP: 22/22 MP: 0/0
   154 | D:1      | Reached XP level 2. HP: 28/29 MP: 1/1
   609 | D:1      | Reached XP level 3. HP: 36/36 MP: 2/2
   743 | D:1      | Found a faded altar of an unknown god.
  1255 | D:2      | Reached ** piety under Trog
  1473 | D:2      | Reached skill level 3 in Fighting
  1473 | D:2      | Reached skill level 1 in Throwing
  1505 | D:2      | Reached XP level 4. HP: 45/45 MP: 3/3
  1506 | D:2      | Reached skill level 1 in Shields
  1921 | D:3      | Reached skill level 1 in Evocations
  2032 | D:3      | Reached skill level 1 in Armour
  2037 | D:3      | Noticed an ice beast
  2038 | D:3      | Reached XP level 5. HP: 34/53 MP: 4/4
  2096 | D:3      | Killed an ice beast
  2108 | D:3      | Reached XP level 6. HP: 62/62 MP: 5/5
  2441 | D:3      | Reached *** piety under Trog
  2442 | D:3      | Reached skill level 4 in Fighting
  2555 | D:3      | Found a glowing golden altar of the Shining One.
  2556 | D:3      | Found a sacrificial altar of Ru.
  3352 | D:4      | Reached XP level 7. HP: 68/71 MP: 6/6
  3830 | D:5      | Entered Level 5 of the Dungeon
  4097 | D:5      | Found a radiant altar of Vehumet.
  4326 | D:5      | Reached skill level 5 in Fighting
  4417 | D:5      | Reached XP level 8. HP: 32/80 MP: 7/7
  4542 | D:5      | Reached skill level 1 in Maces & Flails
  4781 | D:6      | Found a staircase to the Ecumenical Temple.
  4867 | D:6      | Reached skill level 5 in Shields
  5073 | D:6      | Reached skill level 6 in Fighting
  5236 | D:6      | Reached **** piety under Trog
  5827 | D:6      | Found a shimmering blue altar of Sif Muna.
  5932 | D:7      | Noticed Pikel
  6081 | D:7      | Killed Pikel
  6082 | D:7      | Reached XP level 9. HP: 92/92 MP: 8/8
  6236 | D:7      | Found Modd's Distillery.
  6250 | D:7      | Bought a potion of curing for 36 gold pieces
  6250 | D:7      | Bought a potion of might for 48 gold pieces
  6250 | D:7      | Bought a potion of heal wounds for 60 gold pieces
  6250 | D:7      | Bought a potion of mutation for 96 gold pieces
  6750 | D:7      | Found an ornate altar of the Wu Jian Council.
  7122 | D:8      | Reached skill level 7 in Fighting
  7151 | D:8      | Reached skill level 5 in Maces & Flails
  7168 | D:8      | Killed a large slime creature
  7197 | D:8      | Mangled by a slime creature

Illustrated notes

Levels and vault maps discovered:
D:1:      wander_arrival_abandoned_jail, layout_basic,
          shapermc_ecumenical_altar_petra
D:2:      layout_loops_corners
D:3:      cheibrodos_helix_gallery, layout_basic,
          nicolae_overflow_hidden_temple, serial_bayou_pond_c,
          grunt_decor_junction
D:4:      layout_basic
D:5:      minmay_clustersquares, layout_basic, lemuel_crystal_altar,
          chequers_serial_rivers_small_3
D:6:      layout_layer_cave, led_sif_pool, minmay_temple_entry_proselytizer
D:7:      layout_basic, general_overflow_altar, serial_shops, shop,
          minmay_stone_trees_medium, nrook_loot_triangle, uniq_pikel
D:8:      layout_loops_corners

Skill      XL: |  1  2  3  4  5  6  7  8  9 |
---------------+----------------------------+-----
Fighting       | 3 4 5 6 7 |  7.4
Throwing       | 1 2 3 |  3.0
Shields        | 1 2 4 5 6 |  6.0
Evocations     | 1 |  1.0
Armour         | 1 2 3 |  3.0
Dodging        | 3 4 |  4.0
Maces & Flails | 4 5 |  5.9
Unarmed Combat | |  3.0

Action                   |  1- 3 |  4- 6 |  7- 9 || total
-------------------------+-------+-------+-------++-------
Melee: Unarmed           |    61 |   131 |   235 ||   427
       Punch             |     2 |       |       ||     2
       Whip              |       |       |   123 ||   123
Throw: Stone             |       |       |    30 ||    30
       Dart              |       |       |     9 ||     9
       Throwing net      |       |       |     1 ||     1
Invok: Berserk           |       |     2 |    11 ||    13
  Use: Potion            |       |     1 |       ||     1
 Stab: Sleeping          |       |     1 |       ||     1
Armor: Animal skin       |    13 |    43 |    31 ||    87
       Steam dragon scal |       |       |    42 ||    42
Dodge: Dodged            |    25 |    45 |   122 ||   192
Block: Kite shield       |       |    41 |   143 ||   184

Table legend: (Time is in decaauts)
 A = Elapsed time spent in this place.
 B = Non-inter-level travel time spent in this place.
 C = Inter-level travel time spent in this place.
 D = Time resting spent in this place.
 E = Time spent auto-exploring this place.
 F = Levels seen in this place.
 G = Mean time per level.
                   A        B        C        D        E       F      G
               +--------+--------+--------+--------+--------+-----+--------+
         Total |   7319 |   6861 |    458 |    419 |   5157 |   8 |  914.9 |
       Dungeon |   7319 |   6861 |    458 |    419 |   5157 |   8 |  914.9 |
               +--------+--------+--------+--------+--------+-----+--------+

Top non-repeatable levels by time:
     D:6: 1386 daAuts
     D:7: 1132 daAuts
     D:3: 1115 daAuts
     D:1: 986 daAuts
     D:2: 899 daAuts
     D:4: 866 daAuts
     D:5: 843 daAuts
     D:8: 90 daAuts
